AoeStats
← LWwcnm

MegaRandom

510086808Analyzed
4v4 RM · 2d ago on Sep 29, 2026· 25m 52s· 8 players
Game mode
Random Map
Map size
Large (8 player)
Population
200
Speed
Normal
Resources
Standard
Victory
Conquest
Starting age
Dark Age
Ending age
Imperial Age
RankedLock teamsTeams togetherTeam positionsShared explorationLock speedFull tech treeHidden civsTurbo modeCheats
Victory
Defeat
🇧🇷 Burmese · Brazil
1067
+15
🇨🇳 Spanish · China
1062
+15
🇯🇵 Magyars · Japan
982
+18
🇦🇷 Huns · Argentina
954
+19
🇧🇪 Poles · Belgium
1089
-19
🇪🇸 Goths · Spain
1045
-17
🇫🇷 Vietnamese · France
1034
-17
🇺🇸 Franks · United States
964
-14
Legendario
0:41 Loom
14:25 Feudal Age
18:05 Fletching
19:55 Fishing Lines
22:28 Castle Age
20:26 Double-Bit Axe
20:28 Horse Collar
zackdh9
12:15 Feudal Age
17:06 Castle Age
16:14 Double-Bit Axe
22:30 Scale Barding Armor
22:15 Fletching
MrBigPotato
10:30 Feudal Age
11:03 Double-Bit Axe
15:42 Castle Age
13:43 Horse Collar
14:23 Gold Mining
Toonzy
3:31 Loom
12:05 Feudal Age
12:36 Double-Bit Axe
15:54 Fishing Lines
19:49 Castle Age
17:44 Stone Mining
19:14 Gold Mining
21:03 Bow Saw
20:42 Horse Collar
El Lobizon Chinchu
2:56 Loom
3:49 Loom
11:15 Feudal Age
12:56 Double-Bit Axe
18:58 Castle Age
17:37 Gold Mining
18:25 Horse Collar
20:51 Bow Saw
21:22 Husbandry
21:33 Bloodlines
24:50 Heavy Plow
Coffee Break Golden
9:00 Loom
11:14 Feudal Age
15:42 Castle Age
14:53 Stone Mining
15:00 Gold Mining
16:11 Fletching
16:22 Padded Archer Armor
26:03 Husbandry
LWwcnm
10:49 Feudal Age
12:49 Horse Collar
13:56 Bloodlines
18:36 Scale Barding Armor
21:25 Castle Age
19:21 Gold Mining
19:18 Double-Bit Axe
21:44 Loom
21:30 Light Cavalry
22:15 Husbandry
22:52 Bow Saw
24:48 Stone Mining
24:53 Fishing Lines
26:16 Gold Shaft Mining
1627714649
7:28 Loom
9:38 Feudal Age
10:41 Double-Bit Axe
13:26 Fletching
22:07 Castle Age
20:17 Horse Collar
21:00 Padded Archer Armor
Connection lost

Rejoining the realm…

Still unreachable

The connection could not be restored.

Session expired

The server has moved on; the page needs a fresh start.